[Event "Tuesday 23 January Rapid Engine Tour 12+1 Rounds 9 Starts 1600 ST"]
[Site "Infinity Chess"]
[Date "2018.1.23"]
[Round "7"]
[White "Katzenmaier"]
[Black "Dinkelberger"]
[Result "1/2-1/2"]
[ECO "C14"]
[WhiteElo "2476"]
[BlackElo "2386"]
[WhiteEngine "SugaR XPrO x64 POPCNT_CTG"]
[BlackEngine "stockfish_18011309_x64_modern_CTG"]
[EventType "Swiss"]
[WhiteTeam ""]
[BlackTeam ""]
[PlyCount "124"]
[TimeControl "720+1"]

1. e4 e6 2. d4 d5 3. Nc3 Nf6 4. Bg5 Be7 5. e5 Nfd7 6. Bxe7 Qxe7 7. f4 O-O 
8. Nf3 c5 9. Qd2 a6 10. dxc5 Nxc5 11. Qe3 b5 12. a3 Bb7 13. Ne2 Nbd7 
14. Ned4 Nb6 15. b3 Qc7 16. Bd3 Ne4 17. O-O Nd7 18. Kh1 Rae8 19. Rac1 Ndc5 
20. Ra1 h6 21. Qe1 Qe7 22. Qe3 Qc7 23. Kg1 Nd7 24. Rac1 Ndc5 25. Kh1 Qb6 
26. Qe1 Nd7 27. Qh4 f6 28. c3 fxe5 29. Nxe5 Nxe5 30. fxe5 Qc5 31. Rf3 Qxa3 
32. Rcf1 Ng5 33. Rf6 Qe7 34. Qh5 gxf6 35. exf6 Rxf6 36. Rxf6 Qxf6 37. Qxe8+ Qf8 
38. Qh5 Bc8 39. Kg1 Qf4 40. Qe8+ Kg7 41. Qe7+ Nf7 42. Nxe6+ Bxe6 43. Qxe6 d4 
44. Qg6+ Kf8 45. c4 Qc1+ 46. Kf2 Qd2+ 47. Kf1 bxc4 48. Bxc4 Qd1+ 49. Kf2 Qd2+ 
50. Kg1 Qc1+ 51. Bf1 a5 52. Qf5 Qc3 53. Kh1 Kg7 54. g3 Qe3 55. Bd3 Qc1+ 
56. Bf1 Qe3 57. Bd3 Qc1+ 58. Kg2 Qd2+ 59. Kf1 Qd1+ 60. Kg2 Qd2+ 61. Kf1 Qd1+ 
62. Kg2 Qd2+ 1/2-1/2

[Event "Tuesday 23 January Rapid Engine Tour 12+1 Rounds 9 Starts 1600 ST"]
[Site "Infinity Chess"]
[Date "2018.1.23"]
[Round "7"]
[White "Thinker"]
[Black "Ninja_Bp"]
[Result "1/2-1/2"]
[ECO "C55"]
[WhiteElo "2423"]
[BlackElo "2434"]
[WhiteEngine "BrainFish_180113_x64_modern_CTG"]
[BlackEngine "Houdini 6_CTG"]
[EventType "Swiss"]
[WhiteTeam ""]
[BlackTeam ""]
[PlyCount "121"]
[TimeControl "720+1"]

1. e4 e5 2. Nf3 Nc6 3. Bc4 Nf6 4. d3 Bc5 5. c3 d6 6. O-O a6 7. a4 h6 8. Re1 O-O 
9. h3 Ba7 10. Nbd2 Ne7 11. b4 Ng6 12. d4 Re8 13. b5 c6 14. bxc6 bxc6 15. Bd3 Bb6 
16. Qc2 Bc7 17. dxe5 dxe5 18. Nc4 a5 19. Bf1 Ba6 20. Rb1 Qc8 21. Be3 Qe6 
22. Ncd2 Bxf1 23. Rxf1 Reb8 24. Rxb8+ Bxb8 25. c4 Bc7 26. Rb1 Nf4 27. Rb3 Ne2+ 
28. Kf1 Nf4 29. c5 Rd8 30. Kg1 Qd7 31. Bxf4 exf4 32. Qc4 Nh7 33. Rb7 Ng5 
34. Nxg5 hxg5 35. Nf3 g4 36. hxg4 Qxg4 37. Qb3 Rd7 38. Ra7 Kf8 39. Nd4 Rxd4 
40. Rxc7 Qd1+ 41. Qxd1 Rxd1+ 42. Kh2 Rd4 43. f3 Rxa4 44. Rxc6 Rc4 45. Kh3 Ke7 
46. Kg4 Kd7 47. Ra6 Rxc5 48. Kxf4 g5+ 49. Kg4 Ke7 50. Kh5 Rb5 51. Kh6 Rc5 
52. Kg7 f5 53. exf5 Rxf5 54. Kg6 Rd5 55. Ra7+ Kd6 56. g3 Kc6 57. f4 gxf4 
58. gxf4 Rd6+ 59. Kg5 Kb6 60. Ra8 Rd3 61. f5 1/2-1/2

[Event "Tuesday 23 January Rapid Engine Tour 12+1 Rounds 9 Starts 1600 ST"]
[Site "Infinity Chess"]
[Date "2018.1.23"]
[Round "7"]
[White "star99"]
[Black "hafaba"]
[Result "0-1"]
[ECO "A40"]
[WhiteElo "2435"]
[BlackElo "2421"]
[WhiteEngine "Cryptic AIL V2"]
[BlackEngine "Stockfish SL FA POPCNT_CTG"]
[EventType "Swiss"]
[WhiteTeam ""]
[BlackTeam ""]
[PlyCount "172"]
[TimeControl "720+1"]

1. d4 c6 2. e4 d5 3. Nc3 dxe4 4. Nxe4 Bf5 5. Ng3 Bg6 6. Nf3 Nf6 7. h4 h6 
8. Ne5 Bh7 9. Bd3 Bxd3 10. Qxd3 e6 11. Bf4 Qa5+ 12. c3 Nbd7 13. Nc4 Qd8 
14. O-O-O b5 15. Ne3 Be7 16. Kb1 a5 17. Ne4 a4 18. g4 a3 19. b3 Nb6 
20. Nxf6+ gxf6 21. h5 Bd6 22. Bg3 O-O 23. Rhf1 Qc7 24. Bxd6 Qxd6 25. f4 Nd5 
26. Rf3 Rae8 27. Qd2 Kh8 28. Rdf1 Rg8 29. f5 Nxe3 30. Rxe3 e5 31. Re4 Kh7 
32. Rfe1 Rd8 33. Qc1 Rd7 34. dxe5 fxe5 35. f6 Qxf6 36. Qxa3 Rgd8 37. Qc1 Rd2 
38. R4e2 Qg5 39. Rxd2 Rxd2 40. c4 Qf4 41. cxb5 cxb5 42. Qc7 b4 43. Qc4 Rd4 
44. Qb5 Qg3 45. Rf1 Kg7 46. Qe2 Kg8 47. Qb5 Kg7 48. Qe2 Rxg4 49. Rf2 Kg8 
50. Qc2 e4 51. Rf1 Rf4 52. Rxf4 Qxf4 53. Qc4 Qe5 54. Qxb4 e3 55. Qg4+ Kf8 
56. Qe2 f5 57. Kc2 f4 58. a3 Qc5+ 59. Kd1 Ke7 60. Qc2 Kd6 61. Qg6+ Ke5 
62. Qg7+ Ke4 63. Qg2+ Kd3 64. Qg6+ Kc3 65. Qc2+ Kd4 66. Qg6 Qa5 67. Ke2 Qd2+ 
68. Kf3 Qf2+ 69. Kg4 Qg3+ 70. Kf5 Qxg6+ 71. hxg6 e2 72. g7 e1=Q 73. g8=Q Qe4+ 
74. Kf6 Qe5+ 75. Kg6 Qg5+ 76. Kf7 Qxg8+ 77. Kxg8 f3 78. b4 f2 79. Kf7 Kd5 
80. Ke7 f1=Q 81. b5 Qf5 82. b6 Qg6 83. a4 Qg7+ 84. Kd8 Kd6 85. Kc8 Kc6 
86. a5 Qf8# 0-1

[Event "Tuesday 23 January Rapid Engine Tour 12+1 Rounds 9 Starts 1600 ST"]
[Site "Infinity Chess"]
[Date "2018.1.23"]
[Round "7"]
[White "NINJA_JENGKA"]
[Black "Dovahkiin"]
[Result "1/2-1/2"]
[ECO "D30"]
[WhiteElo "2453"]
[BlackElo "2425"]
[WhiteEngine "Houdini 6"]
[BlackEngine "BrainFish_180113_x64_modern_CTG"]
[EventType "Swiss"]
[WhiteTeam ""]
[BlackTeam ""]
[PlyCount "69"]
[TimeControl "720+1"]

1. d4 d5 2. c4 e6 3. Nf3 Nf6 4. e3 Be7 5. Nc3 O-O 6. a3 c5 7. cxd5 Nxd5 
8. Bd3 Nxc3 9. bxc3 Qc7 10. O-O b6 11. e4 Bb7 12. Qe2 Rd8 13. Bb2 Nd7 
14. h3 Rac8 15. Rfd1 Nb8 16. Rac1 g6 17. h4 Nd7 18. e5 b5 19. Bxb5 Rb8 20. a4 a6 
21. Bxd7 Bxf3 22. Qxf3 Rxb2 23. Bc6 Bxh4 24. g3 Bg5 25. Rb1 Rdb8 26. Rxb2 Rxb2 
27. dxc5 Rd2 28. Rxd2 Bxd2 29. Qd3 Qxc6 30. Qxd2 Qxc5 31. Qd8+ Kg7 32. Qf6+ Kg8 
33. Qd8+ Kg7 34. Qf6+ Kg8 35. Qd8+ 1/2-1/2

[Event "Tuesday 23 January Rapid Engine Tour 12+1 Rounds 9 Starts 1600 ST"]
[Site "Infinity Chess"]
[Date "2018.1.23"]
[Round "7"]
[White "Prometheus"]
[Black "KhalidOmar"]
[Result "1/2-1/2"]
[ECO "A13"]
[WhiteElo "2456"]
[BlackElo "2475"]
[WhiteEngine "Eman 1.58-64bit-IDeA"]
[BlackEngine "Eman 1.67 64-bit BMI2"]
[EventType "Swiss"]
[WhiteTeam ""]
[BlackTeam ""]
[PlyCount "126"]
[TimeControl "720+1"]

1. c4 e6 2. Nc3 d5 3. d4 c6 4. e4 dxe4 5. Nxe4 Bb4+ 6. Nc3 c5 7. Nf3 Nf6 
8. Be2 cxd4 9. Nxd4 O-O 10. O-O Bxc3 11. bxc3 a6 12. Bf4 Re8 13. Nf3 Qa5 
14. Bd6 Nc6 15. Qc2 Ne7 16. Rfe1 Bd7 17. Qb2 Nf5 18. Be5 Bc6 19. Qb4 Qxb4 
20. cxb4 b5 21. a4 bxa4 22. Bc3 Rec8 23. Rec1 Ne4 24. Be1 Be8 25. g4 Ne7 
26. Bd1 Nd6 27. Nd2 Rab8 28. f3 f6 29. c5 Nf7 30. Bxa4 Rxb4 31. Bxe8 Rxe8 
32. Rxa6 Ne5 33. Rxe6 Rd4 34. Kh1 Nd3 35. Nb3 Rd5 36. Ra1 Nxc5 37. Nxc5 Rxc5 
38. Re4 Rcc8 39. Bg3 Nc6 40. Rc4 Red8 41. Kg2 Nd4 42. Rac1 Rxc4 43. Rxc4 Rd5 
44. Rc8+ Kf7 45. Rc7+ Kf8 46. Bf2 Ne6 47. Rb7 Rd2 48. Kg3 Rd3 49. Rb8+ Ke7 
50. h4 g5 51. Rb7+ Kf8 52. hxg5 Nxg5 53. Kg2 Nxf3 54. Rxh7 Ne5 55. Rh3 Rd2 
56. g5 fxg5 57. Rh5 g4 58. Kg3 Rd3+ 59. Kg2 Ng6 60. Rf5+ Ke7 61. Be1 Ke6 
62. Rg5 Ne7 63. Rxg4 Kf5 1/2-1/2

[Event "Tuesday 23 January Rapid Engine Tour 12+1 Rounds 9 Starts 1600 ST"]
[Site "Infinity Chess"]
[Date "2018.1.23"]
[Round "7"]
[White "SkyPilot"]
[Black "ivrdurant"]
[Result "1-0"]
[ECO "C53"]
[WhiteElo "2478"]
[BlackElo "2404"]
[WhiteEngine "stockfish_x64_bmi2_2018_01_13_CTG"]
[BlackEngine "Raubfisch X37b3._CTG"]
[EventType "Swiss"]
[WhiteTeam ""]
[BlackTeam ""]
[PlyCount "271"]
[TimeControl "720+1"]

1. e4 e5 2. Nf3 Nc6 3. Bc4 Bc5 4. c3 Nf6 5. d3 d6 6. O-O a5 7. Re1 O-O 
8. Nbd2 a4 9. Bb5 Bd7 10. Nf1 Ng4 11. Re2 Ra5 12. Bxc6 Bxc6 13. h3 Nxf2 
14. Rxf2 Bxf2+ 15. Kxf2 f5 16. exf5 Rxf5 17. N1d2 Rf8 18. Kg1 h6 19. Qe1 Ra8 
20. Ne4 Qd7 21. Bd2 Rae8 22. Qg3 Kh7 23. Re1 b5 24. b4 axb3 25. axb3 Qf5 
26. Re3 Ra8 27. Qe1 Ra3 28. Nh4 Qc8 29. Kh2 Qa8 30. Re2 Rxb3 31. Qg3 Qe8 
32. d4 Qh5 33. dxe5 dxe5 34. Nc5 Qxe2 35. Bxh6 Rf7 36. Qg6+ Kg8 37. Qxc6 Qf2 
38. Qe8+ Rf8 39. Qg6 Rf7 40. Nxb3 Qxh4 41. Bg5 Qh7 42. Qc6 Qd3 43. Qe8+ Rf8 
44. Qxe5 Qd6 45. Qxd6 cxd6 46. Nd4 Ra8 47. Bf4 Ra3 48. Nxb5 Rb3 49. Nxd6 Rxc3 
50. h4 g6 51. g3 Rc6 52. Kh3 Ra6 53. Nc4 Kg7 54. h5 gxh5 55. Kh4 Ra4 56. Ne5 Kf6 
57. Kxh5 Ra5 58. Kg4 Rb5 59. Nd3 Rb1 60. Be5+ Ke6 61. Bh8 Rb5 62. Nf4+ Kf7 
63. Bc3 Rc5 64. Bb2 Rb5 65. Bd4 Rb3 66. Be5 Re3 67. Ba1 Ra3 68. Bb2 Re3 
69. Bd4 Re4 70. Ba1 Re1 71. Bb2 Re3 72. Kh4 Rb3 73. Bd4 Rb4 74. Ne2 Kg6 
75. g4 Rc4 76. Bf2 Re4 77. Ng1 Rf4 78. Nh3 Rf3 79. Bg1 Rf7 80. Kg3 Rd7 
81. Bb6 Rd3+ 82. Kh4 Rd1 83. Bc7 Kf6 84. Bh2 Rd8 85. Ng1 Rh8+ 86. Kg3 Ke5 
87. Nf3+ Ke4 88. Ng5+ Kd5 89. Bg1 Rf8 90. Be3 Ra8 91. Bf4 Ra1 92. Kh4 Rf1 
93. Kg3 Rg1+ 94. Kh4 Rf1 95. Nh3 Ke4 96. Bh6 Kf3 97. Ng5+ Kg2 98. Ne4 Ra1 
99. Nf6 Kf3 100. Kh5 Rg1 101. g5 Kf4 102. Kg6 Ke5 103. Bg7 Rg2 104. Nh5+ Ke4 
105. Bf6 Ra2 106. Ng7 Rf2 107. Kf7 Rf1 108. Ne6 Rg1 109. g6 Rxg6 110. Kxg6 Kd3 
111. Kf5 Kc4 112. Be7 Kd5 113. Bc5 Kc6 114. Ke5 Kb7 115. Kd5 Kb8 116. Kc6 Kc8 
117. Nc7 Kb8 118. Bb6 Kc8 119. Ba7 Kd8 120. Nd5 Ke8 121. Kd6 Kf7 122. Ne7 Kg7 
123. Be3 Kf6 124. Bf4 Kf7 125. Bg5 Ke8 126. Nf5 Kf7 127. Nh4 Ke8 128. Ke6 Kf8 
129. Bf6 Ke8 130. Nf5 Kf8 131. Be7+ Kg8 132. Kf6 Kh7 133. Kf7 Kh8 134. Kg6 Kg8 
135. Nh6+ Kh8 136. Bf6# 1-0

[Event "Tuesday 23 January Rapid Engine Tour 12+1 Rounds 9 Starts 1600 ST"]
[Site "Infinity Chess"]
[Date "2018.1.23"]
[Round "7"]
[White "Gilgamesch"]
[Black "Longin"]
[Result "1/2-1/2"]
[ECO "C50"]
[WhiteElo "2478"]
[BlackElo "2450"]
[WhiteEngine "BrainFish_171005_x64_bmi2"]
[BlackEngine "S_XPrO.251117.x64.POPCNT_CTG"]
[EventType "Swiss"]
[WhiteTeam ""]
[BlackTeam ""]
[PlyCount "118"]
[TimeControl "720+1"]

1. e4 e5 2. Nf3 Nc6 3. Bc4 Bc5 4. O-O Nf6 5. d3 d6 6. c3 O-O 7. Bg5 h6 8. Bh4 a6 
9. a4 g5 10. Bg3 Ba7 11. Nbd2 Nh7 12. h3 h5 13. Kh1 Kh8 14. b4 g4 15. Bh4 f6 
16. hxg4 hxg4 17. Nh2 Qe8 18. f3 Qh5 19. g3 gxf3 20. Ndxf3 Qh6 21. Qd2 Qxd2 
22. Nxd2 Bh3 23. Rf3 Bd7 24. Kg2 Kg7 25. Ndf1 Ne7 26. a5 b5 27. axb6 Bxb6 
28. Ne3 a5 29. Nhg4 Bxe3 30. Nxe3 axb4 31. Rxa8 Rxa8 32. cxb4 Ra4 33. Rf2 Rxb4 
34. Ra2 Rb7 35. Ra8 Ng5 36. Bxg5 fxg5 37. Rd8 Bc6 38. Kf3 Rb4 39. Kg4 Kg6 
40. Nf5 Nxf5 41. exf5+ Kf6 42. Rf8+ Ke7 43. Rf7+ Kd8 44. f6 d5 45. Rf8+ Kd7 
46. Rc8 Ke6 47. Rxc7 Kd6 48. f7 Rb8 49. Ra7 dxc4 50. dxc4 e4 51. Kxg5 e3 
52. Kf6 Kc5 53. Rc7 Rf8 54. Re7 Kd4 55. Kg7 Rc8 56. f8=Q Rxf8 57. Kxf8 Kd3 
58. g4 e2 59. Rxe2 Kxe2 1/2-1/2

[Event "Tuesday 23 January Rapid Engine Tour 12+1 Rounds 9 Starts 1600 ST"]
[Site "Infinity Chess"]
[Date "2018.1.23"]
[Round "7"]
[White "RonWeasley"]
[Black "Marsell"]
[Result "1/2-1/2"]
[ECO "C55"]
[WhiteElo "2507"]
[BlackElo "2488"]
[WhiteEngine "BrainFish 130117_CTG"]
[BlackEngine "asmFishW_2018-01-11_popcnt"]
[EventType "Swiss"]
[WhiteTeam ""]
[BlackTeam ""]
[PlyCount "217"]
[TimeControl "720+1"]

1. e4 e5 2. Nf3 Nc6 3. Bc4 Nf6 4. d3 Bc5 5. c3 d6 6. Bb3 a6 7. Nbd2 O-O 
8. O-O Ba7 9. Re1 Ng4 10. Re2 Kh8 11. h3 Nh6 12. Nf1 f5 13. Bg5 Qd7 14. a4 fxe4 
15. Rxe4 Nf5 16. Qe2 Qe8 17. d4 Be6 18. Bxe6 Qxe6 19. dxe5 Rae8 20. Re1 dxe5 
21. Be3 Bxe3 22. Nxe3 Nd6 23. Rh4 Qe7 24. Rg4 e4 25. Nd4 Nxd4 26. cxd4 Qf6 
27. Qd2 g6 28. Re2 Rf7 29. Nf1 Qf5 30. Ng3 Qd5 31. h4 Rfe7 32. Qe3 Qc6 
33. h5 Nf5 34. Qg5 Nxg3 35. Rxg3 gxh5 36. d5 Qg6 37. Qh4 Qh6 38. Rg5 Rf7 
39. f3 Qb6+ 40. Kh1 e3 41. Rxh5 Qf6 42. Kg1 Qxh4 43. Rxh4 Re5 44. Rb4 b6 
45. d6 Re6 46. Kh2 Rh6+ 47. Kg3 Rxd6 48. Re4 Rg7+ 49. Kh2 Rd2 50. Re8+ Rg8 
51. R8xe3 Rxe2 52. Rxe2 Rd8 53. g4 Rd4 54. Kg3 Rxa4 55. f4 Kg8 56. Rd2 h6 
57. Rd8+ Kf7 58. Rd7+ Kg8 59. Rxc7 Rb4 60. Rc2 Kf7 61. f5 h5 62. gxh5 Kf6 
63. h6 Kg5 64. f6 Rb3+ 65. Kg2 Kxf6 66. Rc7 Rxb2+ 67. Kf3 a5 68. h7 Rh2 
69. Ke4 b5 70. h8=Q+ Rxh8 71. Rc5 Rb8 72. Rc6+ Kg5 73. Ra6 a4 74. Kd5 Rc8 
75. Ra5 Rf8 76. Kc5 Rf5+ 77. Kb4 Kf4 78. Ra6 Rg5 79. Rc6 Kg4 80. Rc1 Kf4 
81. Ra1 Rf5 82. Rf1+ Kg5 83. Ra1 Kf4 84. Rb1 Kf3 85. Rf1+ Ke4 86. Rh1 Kd3 
87. Rh3+ Ke4 88. Rh4+ Kd3 89. Rh3+ Kc2 90. Rh2+ Kd1 91. Rh1+ Kc2 92. Rh2+ Kd1 
93. Rh1+ Ke2 94. Rh6 Kf1 95. Rh1+ Kg2 96. Rh6 Kf1 97. Rh1+ Kg2 98. Rh4 Rd5 
99. Rh7 Rf5 100. Rh8 Kg3 101. Rh6 Rd5 102. Rh1 Kg2 103. Rh7 Rf5 104. Re7 Kg3 
105. Re1 Kh2 106. Re3 Rh5 107. Re1 a3 108. Re3 a2 109. Re2+ 1/2-1/2

[Event "Tuesday 23 January Rapid Engine Tour 12+1 Rounds 9 Starts 1600 ST"]
[Site "Infinity Chess"]
[Date "2018.1.23"]
[Round "6"]
[White "BraveDevil"]
[Black "angriff"]
[Result "1/2-1/2 "]
[ECO "A40"]
[WhiteElo "2383"]
[BlackElo "2437"]
[WhiteEngine "Cryptic AIL V2"]
[BlackEngine "Raubfisch ME262_GTZ16b2_CTG"]
[EventType "Swiss"]
[WhiteTeam ""]
[BlackTeam ""]
[PlyCount "119"]
[TimeControl "720+1"]

1. d4 c6 2. e4 d5 3. Nc3 dxe4 4. Nxe4 Bf5 5. Ng3 Bg6 6. Nf3 e6 7. Bc4 Bd6 
8. O-O Nf6 9. Qe2 Nbd7 10. Ne5 Qc7 11. Re1 Bxe5 12. dxe5 Nd5 13. h4 h6 
14. h5 Bh7 15. Bxd5 cxd5 16. Qg4 Rg8 17. Qd4 Qc5 18. Qa4 a5 19. b3 Bxc2 
20. Bd2 d4 21. Ne2 d3 22. Ng3 g5 23. Re3 O-O-O 24. Qxa5 Qxa5 25. Bxa5 b6 
26. Bd2 Rgf8 27. f3 Kb7 28. Ne4 Ra8 29. Bb4 Rh8 30. Nf2 f5 31. exf6 Nxf6 
32. Rxe6 Nxh5 33. Re7+ Kc6 34. Rc1 Rxa2 35. Nxd3 Rd8 36. Ne1 Rd1 37. Re6+ Kb7 
38. Rxd1 Bxd1 39. Nd3 g4 40. fxg4 Bxg4 41. Rxh6 Bf5 42. Nc5+ bxc5 43. Rxh5 Be4 
44. Bxc5 Rxg2+ 45. Kf1 Rg4 46. Ke2 Rg3 47. Re5 Rxb3 48. Rxe4 Kc6 49. Be3 Rb1 
50. Kf3 Kd5 51. Rd4+ Ke6 52. Ke4 Re1 53. Rd8 Ra1 54. Kf4 Ke7 55. Rd3 Ra4+ 
56. Ke5 Ra5+ 57. Ke4 Ke6 58. Bd4 Rh5 59. Rf3 Rh6 60. Rf4 1/2-1/2

[Event "Tuesday 23 January Rapid Engine Tour 12+1 Rounds 9 Starts 1600 ST"]
[Site "Infinity Chess"]
[Date "2018.1.23"]
[Round "6"]
[White "OlivierEvan"]
[Black "MarioDeMonti"]
[Result "1/2-1/2 "]
[ECO "C58"]
[WhiteElo "2382"]
[BlackElo "2458"]
[WhiteEngine "Houdini 6"]
[BlackEngine "stockfish_x64_bmi2_2018_01_13_CTG"]
[EventType "Swiss"]
[WhiteTeam ""]
[BlackTeam ""]
[PlyCount "149"]
[TimeControl "720+1"]

1. e4 e5 2. Nf3 Nc6 3. Bc4 Nf6 4. Ng5 d5 5. exd5 Na5 6. Bb5+ c6 7. dxc6 bxc6 
8. Bd3 Nd5 9. Nf3 Bd6 10. O-O Nf4 11. Re1 Nxd3 12. cxd3 O-O 13. Nc3 Re8 
14. Ne4 c5 15. b3 Nc6 16. Ba3 Bf8 17. Rc1 Nb4 18. Bxb4 cxb4 19. Nc5 Qd5 
20. d4 Bg4 21. h3 Bxf3 22. Qxf3 Qxf3 23. gxf3 exd4 24. Rxe8 Rxe8 25. Nd3 g6 
26. Kf1 a5 27. Rc4 Ra8 28. Rxd4 a4 29. Ne5 axb3 30. axb3 Ra3 31. Rd3 f6 
32. Nd7 Kf7 33. Ke2 h5 34. f4 Ra1 35. f5 g5 36. Nb6 Bc5 37. Nd5 h4 38. Nc7 Ke7 
39. Ne6 Bb6 40. Rd5 Rb1 41. Rb5 g4 42. Rxb4 gxh3 43. Rxh4 Rxb3 44. Nf4 Rb5 
45. Rxh3 Rxf5 46. Nd3 Rb5 47. Rh6 Rf5 48. Rh4 Kd7 49. Re4 Rb5 50. Ra4 Kd6 
51. Rc4 Rf5 52. Rb4 Kc6 53. Rb2 Kc7 54. Rb3 Kc6 55. Rb4 Ba7 56. f3 Rh5 
57. Nc1 Re5+ 58. Kd1 Rf5 59. Rb3 Rh5 60. Ne2 Rh1+ 61. Kc2 Rh2 62. Ra3 Bb6 
63. Ng3 Rh3 64. Ne4 f5 65. Rc3+ Kd5 66. Rd3+ Ke5 67. f4+ Kxf4 68. Rxh3 fxe4 
69. Kd1 Bc7 70. Ke2 Kg4 71. Rh7 Bf4 72. Ra7 Kg5 73. Rg7+ Kf5 74. Rf7+ Kg4 
75. Rf8 1/2-1/2

[Event "Tuesday 23 January Rapid Engine Tour 12+1 Rounds 9 Starts 1600 ST"]
[Site "Infinity Chess"]
[Date "2018.1.23"]
[Round "6"]
[White "Katzenmaier"]
[Black "Wolle"]
[Result "1/2-1/2"]
[ECO "A06"]
[WhiteElo "2476"]
[BlackElo "2476"]
[WhiteEngine "SugaR XPrO x64 POPCNT_CTG"]
[BlackEngine "Raubfisch X37a2_CTG"]
[EventType "Swiss"]
[WhiteTeam ""]
[BlackTeam ""]
[PlyCount "69"]
[TimeControl "720+1"]

1. Nf3 d5 2. d4 Nf6 3. e3 e6 4. c4 Be7 5. Nc3 O-O 6. a3 Nbd7 7. cxd5 exd5 
8. Bd3 Re8 9. O-O Bd6 10. Re1 a6 11. h3 h6 12. Bd2 c5 13. e4 dxe4 14. Nxe4 Nxe4 
15. Bxe4 Nf6 16. dxc5 Bxc5 17. Bc2 Be6 18. Bc3 Qb6 19. Bxf6 Bxf2+ 20. Kh1 gxf6 
21. Qd2 Kg7 22. Rf1 Bg3 23. Qd3 Rh8 24. Nd4 Bc7 25. Rad1 Rad8 26. Rfe1 Rde8 
27. a4 a5 28. Nf5+ Bxf5 29. Qxf5 Rxe1+ 30. Rxe1 Be5 31. Qg4+ Kf8 32. Qc8+ Kg7 
33. Qg4+ Kf8 34. Qc8+ Kg7 35. Qg4+ 1/2-1/2

[Event "Tuesday 23 January Rapid Engine Tour 12+1 Rounds 9 Starts 1600 ST"]
[Site "Infinity Chess"]
[Date "2018.1.23"]
[Round "6"]
[White "Dinkelberger"]
[Black "Eman"]
[Result "1/2-1/2"]
[ECO "C65"]
[WhiteElo "2383"]
[BlackElo "2455"]
[WhiteEngine "stockfish_18011309_x64_modern_CTG"]
[BlackEngine "Eman 1.67 64-bit POPCNT"]
[EventType "Swiss"]
[WhiteTeam ""]
[BlackTeam ""]
[PlyCount "105"]
[TimeControl "720+1"]

1. e4 e5 2. Nf3 Nc6 3. Bb5 Nf6 4. O-O Nxe4 5. d4 Nd6 6. Bxc6 dxc6 7. dxe5 Nf5 
8. Qxd8+ Kxd8 9. Nc3 Bd7 10. h3 b6 11. a4 a5 12. Ng5 Ke8 13. Rd1 Rd8 14. Bf4 h6 
15. Nf3 Rc8 16. b3 Bb4 17. Ne2 g5 18. Bc1 Be7 19. Bb2 Rg8 20. g4 Ng7 21. Ng3 c5 
22. Re1 Ne6 23. Nd2 Nf4 24. Nde4 Nxh3+ 25. Kh2 Nf4 26. Nf5 Kf8 27. Nf6 Bxf6 
28. exf6 Rh8 29. Rad1 Be6 30. Be5 h5 31. Ne7 hxg4+ 32. Kg1 Ra8 33. Bxc7 Nh3+ 
34. Kf1 Nf4 35. Kg1 Nh3+ 36. Kg2 Nf4+ 37. Bxf4 gxf4 38. Rh1 Rh3 39. Rxh3 gxh3+ 
40. Kh2 Ke8 41. Nc6 Rc8 42. Rd6 c4 43. bxc4 Bxc4 44. Nd4 Be6 45. Rxb6 Rc4 
46. Nxe6 fxe6 47. Rxe6+ Kf7 48. Ra6 Rxa4 49. Kxh3 Rc4 50. Rxa5 Rxc2 51. f3 Rc1 
52. Rf5 Rg1 53. Rxf4 1/2-1/2

[Event "Tuesday 23 January Rapid Engine Tour 12+1 Rounds 9 Starts 1600 ST"]
[Site "Infinity Chess"]
[Date "2018.1.23"]
[Round "6"]
[White "hafaba"]
[Black "Ninja_Bp"]
[Result "1/2-1/2"]
[ECO "A06"]
[WhiteElo "2420"]
[BlackElo "2435"]
[WhiteEngine "Stockfish SL FA POPCNT_CTG"]
[BlackEngine "Houdini 6_CTG"]
[EventType "Swiss"]
[WhiteTeam ""]
[BlackTeam ""]
[PlyCount "146"]
[TimeControl "720+1"]

1. Nf3 d5 2. d4 Nf6 3. c4 e6 4. Nc3 c6 5. e3 Nbd7 6. Be2 Bd6 7. O-O b6 
8. Nd2 O-O 9. e4 e5 10. dxe5 Bxe5 11. exd5 Bb7 12. dxc6 Bxc6 13. Nf3 Bxc3 
14. bxc3 Ne4 15. Qc2 Re8 16. Nd4 Bb7 17. f3 Nd6 18. Rd1 Qc7 19. Bd3 h6 
20. Qf2 Ne5 21. Bf1 Ndxc4 22. Qg3 Qc5 23. Bxc4 Qxc4 24. Bxh6 Ng6 25. Bg5 Rac8 
26. a4 Qc5 27. Kh1 Bc6 28. h4 Bd7 29. Kh2 a5 30. c4 Bc6 31. Rd2 Kh7 
32. Nxc6 Rxc6 33. Rc1 Qe5 34. Rd5 Qe6 35. h5 Ne5 36. Rd4 f6 37. Bf4 Qf7 
38. Qh3 Rc5 39. Be3 Qe6 40. Qxe6 Rxe6 41. Bg1 Rc7 42. Kh3 Rec6 43. Bh2 Kh6 
44. Rh4 Rc5 45. Bg1 R5c6 46. Bh2 Rc5 47. Bf4+ g5 48. hxg6+ Kxg6 49. Kg3 R7c6 
50. Be3 Rxc4 51. Rhxc4 Nxc4 52. Kf4 Kf7 53. g4 Kg6 54. Rc3 Kg7 55. Bd4 Kf7 
56. Rc2 Kg6 57. Kg3 f5 58. Kf4 fxg4 59. fxg4 Rc8 60. g5 Kf7 61. Rc1 Rc6 
62. Rc3 Ke6 63. g6 Kd5 64. g7 Kxd4 65. Rxc4+ Rxc4 66. g8=Q Rxa4 67. Qg7+ Kc5+ 
68. Ke3 Rc4 69. Qc7+ Kb5 70. Qd7+ Kb4 71. Qd6+ Kb5 72. Qd7+ Kb4 73. Qe6 b5 
1/2-1/2

[Event "Tuesday 23 January Rapid Engine Tour 12+1 Rounds 9 Starts 1600 ST"]
[Site "Infinity Chess"]
[Date "2018.1.23"]
[Round "6"]
[White "star99"]
[Black "Thinker"]
[Result "1/2-1/2"]
[ECO "D31"]
[WhiteElo "2436"]
[BlackElo "2422"]
[WhiteEngine "Cryptic AIL V2"]
[BlackEngine "BrainFish_180113_x64_modern_CTG"]
[EventType "Swiss"]
[WhiteTeam ""]
[BlackTeam ""]
[PlyCount "119"]
[TimeControl "720+1"]

1. d4 d5 2. c4 e6 3. Nc3 c6 4. e4 dxe4 5. Nxe4 Bb4+ 6. Bd2 Qxd4 7. Bxb4 Qxe4+ 
8. Ne2 Nd7 9. Qd6 Qe5 10. Qxe5 Nxe5 11. Bc3 f6 12. Bxe5 fxe5 13. Nc3 Ke7 
14. Bd3 b6 15. O-O-O Nf6 16. Rhe1 Nd7 17. f3 Bb7 18. Rd2 Rad8 19. Ne4 Rhf8 
20. c5 Nxc5 21. Nxc5 bxc5 22. Rxe5 Rd5 23. Ree2 Rxd3 24. Rxd3 Ba6 25. Red2 Bxd3 
26. Rxd3 a5 27. Ra3 Ra8 28. Rb3 Ra7 29. Kc2 Kd6 30. Rd3+ Ke5 31. Kc3 a4 
32. Kc4 Rb7 33. b3 axb3 34. axb3 Rb5 35. Rd7 Kf6 36. g3 Ra5 37. h4 Ra2 
38. Kxc5 Rc2+ 39. Kd6 Rc3 40. Rb7 Rxf3 41. g4 h6 42. Kxc6 Rg3 43. b4 Rxg4 
44. b5 Rxh4 45. b6 Rc4+ 46. Kd6 Rc2 47. Rb8 Rd2+ 48. Kc7 Ke7 49. Kb7 Rb2 
50. Kc7 Re2 51. Kb7 e5 52. Kc6 Rc2+ 53. Kd5 Rb2 54. b7 Kd7 55. Rg8 Rb5+ 
56. Ke4 Rxb7 57. Rxg7+ Kc6 58. Rg8 Kc5 59. Kxe5 h5 60. Rg1 1/2-1/2

[Event "Tuesday 23 January Rapid Engine Tour 12+1 Rounds 9 Starts 1600 ST"]
[Site "Infinity Chess"]
[Date "2018.1.23"]
[Round "6"]
[White "Dovahkiin"]
[Black "Longin"]
[Result "1/2-1/2"]
[ECO ""]
[WhiteElo "2424"]
[BlackElo "2451"]
[WhiteEngine "BrainFish_180113_x64_modern_CTG"]
[BlackEngine "S_XPrO.251117.x64.POPCNT_CTG"]
[EventType "Swiss"]
[WhiteTeam ""]
[BlackTeam ""]
[PlyCount "111"]
[TimeControl "720+1"]

1. e3 d5 2. d3 e5 3. d4 Nc6 4. Nf3 e4 5. Nfd2 f5 6. c4 Nf6 7. Nc3 Be6 
8. cxd5 Nxd5 9. Qb3 Qd7 10. Qxb7 Rb8 11. Qa6 Bb4 12. Nxd5 Bxd5 13. a3 Bxd2+ 
14. Bxd2 Rb6 15. Qe2 Rxb2 16. Rc1 O-O 17. Qd1 f4 18. exf4 Qd6 19. Bc4 Bxc4 
20. Rxc4 Nxd4 21. Bc1 Re2+ 22. Kf1 Qa6 23. Qa4 Qxa4 24. Rxa4 Rc2 25. Be3 Nf5 
26. Rxe4 Nxe3+ 27. Rxe3 Rxf4 28. Re2 Rc1+ 29. Re1 Rfc4 30. Ke2 R1c3 31. g3 Rxa3 
32. Rc1 Re4+ 33. Kf1 Ra2 34. Kg2 Ree2 35. Rhf1 Re7 36. Rfd1 g6 37. Ra1 Rxa1 
38. Rxa1 c5 39. Kf3 c4 40. Ra3 Rc7 41. Ke2 c3 42. Kd1 c2+ 43. Kc1 Kf7 44. f4 Ke6 
45. Ra5 Kf6 46. g4 Kf7 47. f5 gxf5 48. Rxf5+ Ke6 49. h4 a6 50. Rg5 Rc4 
51. Rg7 a5 52. Rxh7 Rxg4 53. Kxc2 a4 54. h5 a3 55. Ra7 a2 56. Ra6+ 1/2-1/2

[Event "Tuesday 23 January Rapid Engine Tour 12+1 Rounds 9 Starts 1600 ST"]
[Site "Infinity Chess"]
[Date "2018.1.23"]
[Round "6"]
[White "Marsell"]
[Black "NINJA_JENGKA"]
[Result "1/2-1/2"]
[ECO "B90"]
[WhiteElo "2490"]
[BlackElo "2451"]
[WhiteEngine "asmFishW_2018-01-11_popcnt"]
[BlackEngine "Houdini 6"]
[EventType "Swiss"]
[WhiteTeam ""]
[BlackTeam ""]
[PlyCount "98"]
[TimeControl "720+1"]

1. e4 c5 2. Nf3 d6 3. d4 cxd4 4. Nxd4 Nf6 5. Nc3 a6 6. Be3 e5 7. Nb3 Be6 
8. f3 Nbd7 9. Qd2 h5 10. Nd5 Nxd5 11. exd5 Bf5 12. Na5 Rb8 13. a4 Be7 
14. Be2 Bh4+ 15. g3 Be7 16. Nc4 b6 17. O-O Bh3 18. Rfe1 O-O 19. Kh1 f5 
20. Ra3 Qe8 21. Rg1 Qf7 22. Rb3 e4 23. f4 Bg4 24. Bxg4 hxg4 25. Nxb6 Nxb6 
26. Rxb6 Rxb6 27. Bxb6 Rb8 28. a5 Bd8 29. Bxd8 Rxd8 30. b3 Qc7 31. Kg2 Qc5 
32. b4 Qc4 33. c3 Rc8 34. Rc1 Qb5 35. Kf2 Rc7 36. Re1 Rc4 37. Re3 g6 38. Re1 Kh7 
39. h4 Rc7 40. Rd1 Rc4 41. Qe3 Qa4 42. Rc1 Qb3 43. Ke2 Kh6 44. Kd2 Qa2+ 
45. Rc2 Qb1 46. Rc1 Qa2+ 47. Rc2 Qb1 48. Rc1 Qb2+ 49. Rc2 Qb1 1/2-1/2